 Dungeon Crawl Stone Soup version 0.30-a0-643-g638baaf3f0 (webtiles) character file.

Game seed: 15410697089064897870

28658 Leeroy the Warrior (level 13, -8/103 HPs)
             Began as a Tengu Warper on Jan 16, 2023.
             Was a Believer of Uskayaw.
             Mangled by a minotaur
             ... wielding a staff of fire
              (21 damage)
             ... in a Gauntlet.
             The game lasted 00:39:10 (17603 turns).

Leeroy the Warrior (Tengu Warper)                  Turns: 17603, Time: 00:39:10

Health: -8/103     AC:  8    Str: 11    XL:     13   Next: 40%
Magic:  22/24      EV: 22    Int: 16    God:    Uskayaw [**....]
Gold:   529        SH:  0    Dex: 23    Spells: 10/25 levels left

rFire   . . .      SeeInvis .    Y - +5 short sword (speed)
rCold   . . .      Faith    +    (no shield)
rNeg    . . .      Spirit   .    s - +1 troll leather armour
rPois   +          Reflect  .    (helmet restricted)
rElec   +          Harm     .    c - scarf {repulsion}
rCorr   .          Rampage  .    n - +2 pair of gloves
Will    .....      NoTele   +    (boots unavailable)
Stlth   ++                       r - amulet of faith
HPRegen 1.17/turn                k - ring "Hocug" {rElec rPois Slay+4}
MPRegen 0.19/turn                X - +6 ring of dexterity

@: flying quickly and evasively, invisible, repel missiles, quick
A: beak, talons 3, nimble flight, robust 1
a: Renounce Religion, Stomp, Line Pass


You were in a Gauntlet.
You worshipped Uskayaw.
Uskayaw was noncommittal.
You visited 3 branches of the dungeon, and saw 16 of its levels.
You also visited: Sewer, Ossuary and Gauntlet.

You collected 1034 gold pieces.
You spent 505 gold pieces at shops.

Inventory:

Hand Weapons
 z - a +2 scimitar of flaming
 D - a +0 antimagic falchion
 H - a +2 scimitar of freezing
 Y - a +5 short sword of speed (weapon)
Missiles
 d - 6 boomerangs of dispersal
 y - 47 poisoned darts
 G - 7 throwing nets
Armour
 b - +0 acid dragon scales
 c - a scarf of repulsion (worn)
 n - a +2 pair of gloves (worn)
 q - the +1 cloak "Siytuaryf" {Fly rC+ SInv}
   (You found it in a Gauntlet)

   rC:        It protects you from cold.
   SInv:      It lets you see invisible.
   Fly:       It grants you flight.
 s - a +1 troll leather armour (worn)
 t - a +0 pair of gloves of infusion
 x - +0 steam dragon scales
Jewellery
 f - a +6 ring of dexterity
 k - the ring "Hocug" (left hand) {rElec rPois Slay+4}
   (You found it on level 9 of the Dungeon)

   [ring of slaying]

   Slay:      It affects your accuracy & damage with ranged weapons and melee
   (+4).
   rElec:     It insulates you from electricity.
   rPois:     It protects you from poison.
 r - an amulet of faith (around neck)
 L - a ring of ice
 S - a ring of protection from cold
 U - a +4 ring of slaying
 W - an amulet of regeneration
 X - a +6 ring of dexterity (right hand)
Wands
 a - a wand of flame (32)
 h - a wand of quicksilver (21)
 o - a wand of digging (8)
 C - a wand of mindburst (25)
 E - a wand of paralysis (18)
 V - a wand of polymorph (9)
Scrolls
 j - 8 scrolls of teleportation
 m - 3 scrolls of vulnerability
 p - 3 scrolls of magic mapping
 u - a scroll of blinking
 v - a scroll of silence
 J - a scroll of amnesia {unknown}
 K - a scroll of torment
 P - a scroll of brand weapon {unknown}
Potions
 e - 2 potions of brilliance
 g - 6 potions of curing
 i - 5 potions of haste
 l - 2 potions of magic
 w - 4 potions of lignification
 A - a potion of heal wounds
 B - 2 potions of cancellation {unknown}
 F - 5 potions of mutation
 N - 2 potions of resistance {unknown}
 O - a potion of ambrosia {unknown}
 Q - 2 potions of attraction {unknown}
 R - 4 potions of degeneration {unknown}
 T - a potion of invisibility
 Z - a potion of might {unknown}
Miscellaneous
 I - a lightning rod (4/4)


   Skills:
 - Level 16.2 Fighting
 - Level 15.0 Long Blades
 - Level 0.7(1.1) Axes
 - Level 1.0(1.3) Maces & Flails
 - Level 0.6(1.1) Polearms
 - Level 0.8(1.2) Staves
 - Level 0.5 Ranged Weapons
 - Level 1.0 Throwing
 - Level 1.1 Armour
 - Level 9.0 Dodging
 - Level 0.4 Shields
 + Level 6.7 Spellcasting
 - Level 0.8 Conjurations
 - Level 0.2 Hexes
 - Level 0.9 Summonings
 - Level 0.8 Necromancy
 - Level 2.4 Translocations
 - Level 0.3 Transmutations
 - Level 0.5 Fire Magic
 - Level 0.6 Ice Magic
 - Level 0.4 Earth Magic
 - Level 0.4 Poison Magic
 - Level 0.4 Invocations
 - Level 3.2 Evocations


You had 10 spell levels left.
You knew the following spells:

 Your Spells              Type           Power      Damage    Failure   Level
a - Blink                 Tloc           26%        N/A       10%         2
b - Vhi's Electric Charg  Tloc/Air       18%        N/A       30%         3
c - Manifold Assault      Tloc           13%        N/A       52%         4
d - Teleport Other        Tloc           13%        N/A       19%         3
e - Kindle Blastsparks    Fire/Tloc/Air  16%        2d11      32%         3

Your spell library contained the following spells:

 Spells                   Type           Power      Damage    Failure   Level
 Apportation              Tloc           26%        N/A       6%          1
 Lesser Beckoning         Tloc           26%        N/A       10%         2
 Beastly Appendage        Tmut           12%        N/A       14%         1
 Cigotuvi's Dreadful Rot  Necr/Pois/Air  12%        N/A       22%         2
 Wereblood                Tmut           6%         N/A       22%         2
 Vampiric Draining        Necr           8%         2d6       34%         3
 Ignite Poison            Fire/Tmut/Pois 6%         N/A       38%         3
 Inner Flame              Hex/Fire       6%         N/A       38%         3
 Spider Form              Tmut/Pois      6%         N/A       38%         3
 Iskenderun's Mystic Bla  Conj/Tloc      10%        2d4       65%         4
 Animate Dead             Necr           8%         N/A       75%         4
 Summon Ice Beast         Ice/Summ       8%         N/A       75%         4
 Flame Wave               Conj/Fire      7%         2d5       77%         4
 Sticky Flame             Conj/Fire      7%         2d3       77%         4
 Fulminant Prism          Conj/Hex       3%         3d5       78%         4
 Summon Forest            Summ/Tloc      5%         N/A       93%         5
 Alistair's Intoxication  Tmut/Pois      4%         N/A       98%         5
 Borgnjor's Vile Clutch   Necr/Erth      3%         N/A       98%         5
 Freezing Cloud           Conj/Ice/Air   3%         6-21      98%         5
 Lee's Rapid Deconstruct  Erth           3%         3d5*      98%         5
 Summon Mana Viper        Hex/Summ       7%         N/A       98%         5
 Eringya's Noxious Bog    Tmut/Pois      3%         N/A       100%        6
 Haunt                    Necr/Summ      4%         N/A       100%        7
 Monstrous Menagerie      Summ           4%         N/A       100%        7
 Summon Hydra             Summ           4%         N/A       100%        7
 Infestation              Necr           4%         N/A       100%        8


Dungeon Overview and Level Annotations

Branches:
Dungeon (13/15)            Temple (1/1) D:4            Lair (2/5) D:10
 Shoals (0/4) Lair:2        Snake (0/4) Lair:2          Orc (0/2) D:12
  Sewer (visited)         Ossuary (visited)         Gauntlet (1/1)
 Vaults: D:13-14

Altars:
Ashenzari
Cheibriados
Dithmenos
Elyvilon
Fedhas
Gozag
Hepliaklqana
Kikubaaqudgha
Makhleb
Nemelex Xobeh
Okawaru
Qazlal
Ru
Sif Muna
Trog
Uskayaw
Vehumet
Wu Jian
Xom
Yredelemnul
Zin
The Shining One

Shops:
D:3 *   D:9 :(*(   D:12 (

Annotations:
Lair:1 2 transporters, exclusion: oklob plant, Dominolapin's ghost, journeyman TrCA Gauntlet 6 transporters


Innate Abilities, Weirdness & Mutations

You have a beak for a mouth.
You have claws for feet.
Your magical nature lets you fly swiftly and evasively.
You are robust. (+10% HP)


Message History

The minotaur burns you!
The minotaur gores you but does no damage.
The cloud of blastsparks explodes!
The concussive blast engulfs the minotaur.
The minotaur resists.
The minotaur is moderately wounded.
The concussive blast engulfs you!!
You are knocked back by the blast.
You can now pass through a line of other dancers.
Aiming: Mindburst
Press: ? - help, Shift-Dir - straight line, f - minotaur
Aim: a minotaur, wielding a staff of fire, wearing a +0 chain mail, wearing the ring of Youthful Indiscretion {Str+6 Dex+3} and quivering silver javelins (moderately wounded, chance to affect: 14%)
Okay, then.
Aiming: Fastroot
Press: ? - help, Shift-Dir - straight line, f - minotaur
Aim: a minotaur, wielding a staff of fire, wearing a +0 chain mail, wearing the ring of Youthful Indiscretion {Str+6 Dex+3} and quivering silver javelins (moderately wounded)
The roots erupt in riotous growth!
Roots grab the minotaur.
The now-empty wand crumbles to dust.
The grasping roots constrict the minotaur.
The minotaur struggles to escape constriction.
The grasping roots constrict the minotaur.
The roots release their grip on the minotaur.
The minotaur hits you with a staff of fire!!
The minotaur burns you!
* * * LOW HITPOINT WARNING * * *
The minotaur barely misses you.
You closely miss the minotaur.
The minotaur furiously retaliates!
The minotaur headbutts you, but does no damage.
You claw the minotaur.
You peck the minotaur, but do no damage.
The minotaur is moderately wounded.
You hit the minotaur but do no damage. Your kick misses the minotaur.
You peck the minotaur, but do no damage.
The minotaur is moderately wounded.
The minotaur completely misses you. The minotaur gores you!
* * * LOW HITPOINT WARNING * * *
Okay, then.
You fade into invisibility!
The minotaur hits you with a staff of fire!!
You die...

#.##......##≈.#?#.
.##....##.8.###.#©.#
...##.##...##..#..#
#.##....8.#...#...
#....##...#.∩.#...
######.##.##.©.#...####
###∩...'.##......#.8.....
#.######H...##.©.#...####
##.##...@##.##...#.∩.#yyy
##....##.##....8.#...#..#
#..##.##....##...##..#}.#
##.##....##.##.8.###.#©.#
#....##.##......##≈.#!.#
####.##....##.8.#≈≈.#=.#
######### . ##≈.#...
##.#### ##≈.....


You could see a minotaur (unable to see you).

Vanquished Creatures
  Snorg (D:12)
  Fannar (D:11)
  A hydra (D:12)
  3 two-headed ogres
  Erica (D:10)
  2 centaur warriors (D:12)
  2 boulder beetles
  Amaemon (D:11)
  A skeletal warrior (D:12)
  Pikel (D:5)
  A deep elf pyromancer (D:12)
  2 ugly things (D:12)
  2 cyclopes (D:12)
  2 manticores (D:12)
  Maurice (D:10)
  An apocalypse crab (Gauntlet)
  Joseph (D:8)
  A torpor snail (Gauntlet)
  An orange demon (D:11)
  5 cane toads
  A gargoyle (D:12)
  A komodo dragon (Lair:1)
  4 unseen horrors
  A yaktaur (D:12)
  A tengu conjurer (D:13)
  Grinder (D:6)
  2 trolls
  2 hornets (Gauntlet)
  Prince Ribbit (D:7)
  A tyrant leech (D:12)
  Sigmund (D:5)
  A vampire (D:12)
  A shadow (D:12)
  A centaur simulacrum (D:12)
  3 wyverns
  15 yaks
  A wraith (D:13)
  2 basilisks
  Grum (D:8)
  4 steam dragons
  The ghost of Stil the Magician, an amateur OpTm (D:3)
  3 acid dragons
  2 swamp worms (D:12)
  4 water moccasins
  Duvessa (D:6)
  An ice beast (D:6)
  7 orc warriors
  4 sky beasts
  5 wolves
  2 centaurs
  A phantom (D:7)
  A lemure (D:5)
  5 kobold brigands
  An elf zombie (D:6)
  5 bullfrogs
  Blork the orc (D:6)
  3 gnoll sergeants
  4 scorpions
  3 elf skeletons (D:6)
  3 necrophages
  12 wights
  Dowan (D:6)
  6 killer bees (D:9)
  2 vampire bats (D:9)
  3 electric eels (Lair:2)
  5 howler monkeys
  3 lava snakes (Lair:2)
  A human zombie (D:6)
  2 hounds
  2 jellies
  8 orc priests
  Jessica (D:3)
  3 gnoll boudas
  2 human skeletons (D:6)
  5 iguanas
  19 orc wizards
  3 mummies (Ossuary)
  35 gnolls
  5 adders
  4 river rats
  A white imp (D:6)
  6 adder zombies (Ossuary)
  4 worms
  5 dart slugs
  43 orcs
  3 ball pythons
  11 bats
  An endoplasm (D:2)
  3 giant cockroaches
  6 goblins
  3 hobgoblins
  2 jackals (D:1)
  21 kobolds
  5 quokkas
  3 frilled lizards
  3 goblin zombies (Ossuary)
  4 hobgoblin zombies (Ossuary)
  A kobold zombie (Ossuary)
  3 orc skeletons (D:6)
  An orc zombie (D:6)
  3 quokka zombies (Ossuary)
  16 rats
  A rat zombie (Ossuary)
404 creatures vanquished.

Vanquished Creatures (others)
  9 fungi
  8 plants
17 creatures vanquished.

Grand Total: 421 creatures vanquished

Notes
Turn   | Place    | Note
-------+----------+-------------------------------------------
     0 | D:1      | Leeroy the Tengu Warper began the quest for the Orb.
     0 | D:1      | Reached XP level 1. HP: 12/12 MP: 4/4
    73 | D:1      | You fall into a shaft and drop 1 floor!
   173 | D:2      | Reached XP level 2. HP: 12/17 MP: 6/6
   538 | D:1      | Reached XP level 3. HP: 21/21 MP: 7/7
  1360 | D:2      | Found a basalt altar of Yredelemnul.
  1363 | D:2      | Reached XP level 4. HP: 16/26 MP: 8/8
  1716 | D:3      | Noticed Jessica
  1726 | D:3      | Killed Jessica
  1727 | D:3      | Reached skill level 5 in Long Blades
  1855 | D:3      | Found a large runed translucent door.
  1855 | D:3      | Found a large runed translucent door.
  1889 | D:3      | Noticed Stil's ghost (amateur OpTm)
  1910 | D:3      | Found Zahenae's Assorted Antiques.
  1923 | D:3      | Bought a fizzy sapphire potion for 17 gold pieces
  1923 | D:3      | Bought a fizzy sapphire potion for 17 gold pieces
  2022 | D:3      | Gained mutation: Your magical nature lets you fly swiftly
                  | and evasively. [Tengu growth]
  2022 | D:3      | Reached XP level 5. HP: 23/30 MP: 9/9
  2583 | D:4      | Found a staircase to the Ecumenical Temple.
  2610 | Temple   | Entered the Ecumenical Temple
  2733 | Temple   | Became a worshipper of Uskayaw the Reveller
  2767 | D:4      | Reached * piety under Uskayaw
  2771 | D:4      | Reached ** piety under Uskayaw
  2871 | D:4      | Reached *** piety under Uskayaw
  2872 | D:4      | Reached XP level 6. HP: 12/35 MP: 3/10
  3076 | D:4      | Reached skill level 5 in Dodging
  3098 | D:4      | Got Kemnenaxt's Anthology of Malignant Spells
  3287 | D:5      | Entered Level 5 of the Dungeon
  3328 | D:5      | Noticed Sigmund
  3334 | D:5      | Reached **** piety under Uskayaw
  3337 | D:5      | Killed Sigmund
  3338 | D:5      | Reached XP level 7. HP: 18/40 MP: 3/11
  3547 | D:5      | Found a glowing drain.
  3595 | Sewer    | Entered a sewer
  3684 | Sewer    | Reached ***** piety under Uskayaw
  3736 | Sewer    | Found a white marble altar of Elyvilon.
  3859 | D:5      | Reached XP level 8. HP: 22/44 MP: 12/12
  4216 | D:5      | Noticed Pikel
  4228 | D:5      | Killed Pikel
  4282 | D:5      | Found a blossoming altar of Fedhas.
  4630 | D:5      | Found a burning altar of Makhleb.
  4744 | D:6      | Reached XP level 9. HP: 48/48 MP: 13/13
  4869 | D:6      | Found a sand-covered staircase.
  4900 | D:6      | Reached skill level 10 in Long Blades
  4909 | D:6      | Reached ****** piety under Uskayaw
  4919 | Ossuary  | Entered an ossuary
  5794 | D:6      | Noticed Dowan
  5795 | D:6      | Noticed Duvessa
  6062 | D:7      | Reached skill level 1 in Evocations
  6353 | D:7      | Noticed Prince Ribbit
  6371 | D:7      | Learned a level 2 spell: Blink
  6377 | D:7      | Learned a level 3 spell: Vhi's Electric Charge
  6382 | D:7      | Learned a level 4 spell: Manifold Assault
  6386 | D:7      | Learned a level 3 spell: Teleport Other
  6754 | D:7      | Reached XP level 10. HP: 41/53 MP: 14/14
  7231 | D:6      | Killed Dowan
  7273 | D:6      | Noticed Blork the orc
  7289 | D:6      | Killed Blork the orc
  7713 | D:6      | Found a stormy altar of Qazlal.
  7716 | D:6      | Killed Duvessa
  8025 | D:6      | Noticed Grinder
  8038 | D:6      | Killed Grinder
  8291 | D:3      | Killed Stil's ghost
  9771 | D:7      | Killed Prince Ribbit
 10398 | D:8      | Noticed Grum
 10429 | D:8      | Killed Grum
 10435 | D:8      | Noticed Joseph
 10451 | D:8      | Killed Joseph
 10857 | D:8      | Found a glowing silver altar of Zin.
 10976 | D:8      | Reached skill level 15 in Long Blades
 10980 | D:8      | Reached XP level 11. HP: 43/57 MP: 15/15
 11190 | D:9      | Found Olueris's Antique Weapon Boutique.
 11214 | D:9      | Found an opulent altar of Gozag.
 11291 | D:9      | Found Ydghahues's General Store.
 11313 | D:9      | Bought a wand of paralysis (7) for 268 gold pieces
 11349 | D:9      | Gained mutation: You are robust. (+10% HP) [potion of
                  | mutation]
 11353 | D:9      | Reached skill level 3 in Fighting
 11507 | D:9      | Identified the ring "Hocug" {rElec rPois Slay+4}
 11562 | D:9      | Found Soveew's Antique Weapon Shoppe.
 11567 | D:9      | Bought a glowing scimitar for 203 gold pieces
 11587 | D:9      | Reached skill level 4 in Fighting
 11668 | D:9      | Found Xekoiwn's Book Shoppe.
 12100 | D:9      | Noticed a moth of wrath
 12103 | D:9      | Found a bloodstained altar of Trog.
 12374 | D:10     | Entered Level 10 of the Dungeon
 12413 | D:10     | Reached skill level 5 in Fighting
 12463 | D:10     | Noticed Erica
 12484 | D:10     | Killed Erica
 12485 | D:10     | Reached skill level 6 in Fighting
 12643 | D:10     | Found a broken altar of Ashenzari.
 12646 | D:10     | Noticed Maurice
 12656 | D:10     | Killed Maurice
 12944 | D:10     | Found a staircase to the Lair.
 13357 | D:10     | Noticed a two-headed ogre
 13362 | D:10     | Killed a two-headed ogre
 13653 | D:10     | Identified a scroll of acquirement
 13654 | D:10     | Acquired a manual of Fighting
 13674 | D:11     | Reached skill level 1 in Maces & Flails
 13681 | D:11     | Reached skill level 7 in Fighting
 13711 | D:11     | Reached skill level 8 in Fighting
 13909 | D:11     | Noticed Amaemon
 13921 | D:11     | Killed Amaemon
 13922 | D:11     | Reached skill level 9 in Fighting
 14045 | D:11     | Reached skill level 10 in Fighting
 14107 | D:11     | Noticed a boulder beetle
 14321 | D:11     | Noticed Fannar
 14337 | D:11     | Killed Fannar
 14338 | D:11     | Reached skill level 11 in Fighting
 14564 | D:11     | Noticed a two-headed ogre
 14571 | D:11     | Killed a two-headed ogre
 14572 | D:11     | Reached XP level 12. HP: 88/88 MP: 16/16
 14669 | D:12     | Reached skill level 12 in Fighting
 14997 | D:12     | Found a staircase to the Orcish Mines.
 15028 | D:12     | Noticed a two-headed ogre
 15038 | D:12     | Killed a two-headed ogre
 15072 | D:12     | Reached skill level 13 in Fighting
 15078 | D:12     | Found Saklizat's Weapon Emporium.
 15165 | D:12     | Reached skill level 14 in Fighting
 15249 | D:12     | Noticed a five-headed hydra
 15265 | D:12     | Killed a five-headed hydra
 15292 | D:12     | Noticed a boulder beetle
 15463 | D:12     | Learned a level 3 spell: Kindle Blastsparks
 15509 | D:12     | Noticed a centaur warrior
 15513 | D:12     | Noticed a centaur warrior
 15529 | D:12     | Killed a centaur warrior
 15530 | D:12     | Reached skill level 15 in Fighting
 15539 | D:12     | Killed a centaur warrior
 15676 | D:12     | Killed a boulder beetle
 15743 | D:12     | Noticed Snorg
 15751 | D:12     | Killed Snorg
 15752 | D:12     | Reached skill level 16 in Fighting
 15816 | D:12     | Reached XP level 13. HP: 86/103 MP: 14/17
 16076 | D:13     | Noticed a frost giant
 16076 | D:13     | Noticed a sphinx
 16253 | Lair:1   | Entered Level 1 of the Lair of Beasts
 16386 | Lair:1   | Found a transporter.
 16386 | Lair:1   | Noticed Dominolapin's ghost (journeyman TrCA)
 16402 | Lair:1   | Found a transporter.
 16416 | Lair:1   | Reached skill level 5 in Spellcasting
 16986 | Lair:2   | Found a gate leading to a gauntlet.
 17176 | Gauntlet | Entered a Gauntlet
 17176 | Gauntlet | Found a transporter.
 17176 | Gauntlet | Found a transporter.
 17192 | Gauntlet | Found a transporter.
 17195 | Gauntlet | Found a transporter.
 17197 | Gauntlet | a basilisk changed into an entropy weaver
 17197 | Gauntlet | Noticed an entropy weaver (shapeshifter)
 17203 | Gauntlet | Found a transporter.
 17208 | Gauntlet | Found a transporter.
 17216 | Gauntlet | Found a transporter.
 17236 | Gauntlet | Found a transporter.
 17253 | Gauntlet | Found a transporter.
 17257 | Gauntlet | Found a transporter.
 17265 | Gauntlet | Found a transporter.
 17269 | Gauntlet | Found a transporter.
 17562 | Gauntlet | Identified the +1 cloak "Siytuaryf" {Fly rC+ SInv}
 17594 | Gauntlet | Identified the ring of Youthful Indiscretion {Str+6 Dex+3}
 17594 | Gauntlet | Noticed a minotaur
 17603 | Gauntlet | Mangled by a minotaur

Illustrated notes

Levels and vault maps discovered:
D:1:      matt_arrival_refuge, layout_loops_cross
D:2:      layout_basic, basic_altar
D:3:      layout_loops_ring, ebering_ghost_disaster_area, serial_shops, shop,
          uniq_jessica
D:4:      layout_cave_pools, minmay_temple_entry_stoned_glass
D:5:      layout_loops_ring, lemuel_round_altar, lemuel_tele_altar,
          lightli_sewer_entry_pipes, minmay_pentangle, uniq_pikel, uniq_sigmund
D:6:      layout_basic, nicolae_qazlal_scattered_showers,
          nicolae_ossuary_entry_catacombs, minmay_strange_pillars, uniq_duvessa,
          uniq_grinder, uniq_blork_the_orc
D:7:      layout_loops_cross, uniq_prince_ribbit1
D:8:      layout_loops_corners, kennysheep_mini, uniq_joseph, uniq_grum
D:9:      layout_irregular_city, mainiacjoe_overflow_boulevard, tgw_trog,
          serial_shops, nicolae_shop_advertising_works
          [nicolae_subvault_shop_adworks], nicolae_diamond_shop,
          kennysheep_little_box, shop, roderic_batcave
D:10:     layout_layer_cave, mainiacjoe_overflow_cross_hatched,
          lair_entry_dummy, uniq_erica, uniq_maurice
D:11:     layout_irregular_city, uniq_amaemon, uniq_fannar
D:12:     minmay_concentric_multi, layout_cave_pools, serial_shops, shop,
          worms_lemuel, uniq_snorg
D:13:     minmay_textured_paths, layout_basic, eino_tiny_chamber
Temple:   nicolae_temple_bog_church
Lair:1:   minmay_lair_oklob_tunnel, layout_chaotic_city,
          gammafunk_ghost_berserking_beasts, serial_bayou_shore_a
Lair:2:   layout_regular_city, minmay_shoals_entry_lonely_mermaid,
          nicolae_snake_entry_squirm, gauntlet_entry_generic,
          nicolae_lair_liquid_snakes
Gauntlet: minmay_gauntlet_77_indecision [minmay_gauntlet_arena_77_two_paths,
          minmay_gauntlet_arena_77_checkered,
          minmay_gauntlet_arena_77_broken_ladder,
          minmay_gauntlet_arena_77_braids,
          minmay_gauntlet_arena_77_chump_sandwich,
          minmay_gauntlet_arena_77_hold_the_fort, gauntlet_exit_green]

Skill      XL: |  1  2  3  4  5  6  7  8  9 10 11 12 13 |
---------------+----------------------------------------+-----
Long Blades    | 3 4 5 8 12 15 | 15.0
Dodging        | 4 6 8 9 |  9.0
Evocations     | 2 3 |  3.2
Fighting       | 11 16 | 16.2
Maces & Flails | 1 |  1.0
Spellcasting   | 6 |  6.7
Axes           | |  0.7
Polearms       | |  0.6
Staves         | |  0.8
Ranged Weapons | |  0.5
Throwing       | |  1.0
Armour         | |  1.1
Shields        | |  0.4
Conjurations   | |  0.8
Hexes          | |  0.2
Summonings     | |  0.9
Necromancy     | |  0.8
Translocations | |  2.4
Transmutations | |  0.3
Fire Magic     | |  0.5
Ice Magic      | |  0.6
Earth Magic    | |  0.4
Poison Magic   | |  0.4
Invocations    | |  0.4

Action                   |  1- 3 |  4- 6 |  7- 9 | 10-12 | 13-15 || total
-------------------------+-------+-------+-------+-------+-------++-------
Melee: Falchion          |    78 |    43 |    14 |       |       ||   135
       Kick              |    17 |    32 |   150 |   296 |    68 ||   563
       Peck              |     9 |    15 |    81 |   179 |    40 ||   324
       Punch             |     1 |       |     4 |    12 |     1 ||    18
       Dagger            |       |    47 |   113 |       |       ||   160
       Long sword        |       |       |   308 |   103 |       ||   411
       Short sword       |       |       |       |   669 |   144 ||   813
Throw: Boomerang         |     1 |       |       |       |       ||     1
 Cast: Vhi's Electric Ch |       |       |       |    11 |     4 ||    15
       Blink             |       |       |       |     5 |     2 ||     7
       Kindle Blastspark |       |       |       |     1 |     1 ||     2
Evoke: Wand              |       |       |     4 |     8 |     1 ||    13
  Use: Scroll            |     1 |     4 |     9 |    14 |     5 ||    33
       Potion            |       |       |       |     8 |     1 ||     9
 Stab: Distracted        |     1 |       |       |       |       ||     1
       Paralysed         |       |     2 |    23 |    66 |     8 ||    99
       Sleeping          |       |       |     1 |       |       ||     1
Armor: Leather armour    |    26 |    16 |    37 |       |       ||    79
       Steam dragon scal |       |       |    23 |    64 |       ||    87
       Troll leather arm |       |       |       |    20 |     8 ||    28
Dodge: Dodged            |    61 |    53 |   308 |   353 |    47 ||   822
       Repelled          |       |       |     4 |     5 |     1 ||    10

Table legend: (Time is in decaauts)
 A = Elapsed time spent in this place.
 B = Non-inter-level travel time spent in this place.
 C = Inter-level travel time spent in this place.
 D = Time resting spent in this place.
 E = Time spent auto-exploring this place.
 F = Levels seen in this place.
 G = Mean time per level.
                   A        B        C        D        E       F      G
               +--------+--------+--------+--------+--------+-----+--------+
         Total |  16093 |  15368 |    725 |   2403 |   9836 |  19 |  847.0 |
       Dungeon |  14394 |  13709 |    685 |   2403 |   8807 |  13 | 1107.2 |
        Temple |    117 |    110 |      7 |      0 |     91 |   1 |  117.0 |
          Lair |    794 |    762 |     32 |      0 |    568 |   2 |  397.0 |
         Sewer |    163 |    163 |      0 |      0 |    103 |   1 |  163.0 |
       Ossuary |    256 |    256 |      0 |      0 |    158 |   1 |  256.0 |
      Gauntlet |    368 |    368 |      0 |      0 |    106 |   1 |  368.0 |
               +--------+--------+--------+--------+--------+-----+--------+

Top non-repeatable levels by time:
     D:6: 2049 daAuts
     D:7: 1815 daAuts
     D:5: 1645 daAuts
     D:8: 1205 daAuts
    D:10: 1180 daAuts
    D:12: 1052 daAuts
     D:9: 1022 daAuts
    D:11: 913 daAuts
     D:1: 908 daAuts
     D:3: 895 daAuts
     D:2: 859 daAuts
  Lair:1: 597 daAuts
     D:4: 586 daAuts
Gauntlet: 368 daAuts
    D:13: 259 daAuts
